 Dungeon Crawl Stone Soup version 0.26-a0-639-g72c4674329 (webtiles) character file.

Game seed: 14922047882995717471

(classic levelgen) 8 EnegeticOcto the Covered (level 2, 25/27 HPs)
             Began as a Deep Dwarf Fighter on Sept 28, 2020.
             Was a Follower of Trog.
             Quit the game on level 2 of the Dungeon.
             The game lasted 00:00:08 (84 turns).

EnegeticOcto the Covered (Deep Dwarf Fighter)         Turns: 84, Time: 00:00:08

Health: 25/27      AC:  6    Str: 19    XL:     2   Next: 0%
Magic:  2/2        EV:  7    Int:  8    God:    Trog [*.....]
Gold:   8          SH:  9    Dex: 12    Spells: 1/1 levels left

rFire    . . .     SeeInvis .   a - +0 war axe
rCold    . . .     Faith    .   c - +0 kite shield
rNeg     . . .     Spirit   .   b - +0 scale mail
rPois    .         Reflect  .   (no helmet)
rElec    .         Harm     .   (no cloak)
rCorr    .         Rampage  .   (no gloves)
MR       .....                  (no boots)
Stlth    ..........             (no amulet)
HPRegen  0.00/turn              (no ring)
MPRegen  0.08/turn              (no ring)

@: non-regenerating
A: damage resistance, heal wounds, sense surroundings 1, no regeneration
a: Heal Wounds, Berserk, Renounce Religion


You were on level 2 of the Dungeon.
You worshipped Trog.
Trog was aware of your devotion.
You visited 1 branch of the dungeon, and saw 2 of its levels.

You collected 8 gold pieces.

Inventory:

Hand Weapons
 a - a +0 war axe (weapon)
Armour
 b - a +0 scale mail (worn)
 c - a +0 kite shield (worn)
Potions
 d - a potion of might {@q3}


   Skills:
 + Level 2.8 Fighting
 * Level 2.5 Axes
 + Level 3.4 Armour
 + Level 3.4 Shields


You had one spell level left.
You didn't know any spells.
Your spell library was empty.

Dungeon Overview and Level Annotations

Branches:
Dungeon (2/15)

Altars:
Trog


Innate Abilities, Weirdness & Mutations

You are resistant to damage.
You can heal yourself by infusing magical energy.
You passively map a small area around you.
You do not regenerate.


Message History

You open the door.
There is an open door here.
A hobgoblin comes into view.
The hobgoblin shouts!
A hobgoblin is nearby!
A hobgoblin is nearby!
A hobgoblin is nearby!
You block the hobgoblin's attack.
You hit the hobgoblin.
You kill the hobgoblin!
No target in view!
No target in view!
No target in view!
No target in view!
No target in view!
No target in view!
No target in view!
Found a stone staircase leading down.
You see here a hobgoblin corpse. 2 jackals come into view.
The jackal barks!
You hear a bark!
A jackal comes into view.
Found an escape hatch in the floor.
A rat comes into view.
A rat comes into view.
The jackal bites you.
You hit the jackal.
You kill the jackal!
You closely miss the jackal.
The jackal bites you but does no damage.
The jackal bites you. You block the jackal's attack.
You slash the jackal!
You kill the jackal!
You hit the jackal.
The jackal bites you but does no damage.
You block the jackal's attack.
You closely miss the jackal.
The jackal is heavily wounded.
You slash the rat!
You kill the rat!
The jackal bites you but does no damage.
The jackal closely misses you.
You hit the jackal.
The jackal is almost dead.
You slash the rat!
You kill the rat!
The jackal bites you but does no damage.
The jackal completely misses you.
You barely miss the jackal.
The jackal is almost dead.
The jackal bites you but does no damage.
You block the jackal's attack. The jackal barely misses you.
You hit the jackal.
You kill the jackal!
No target in view!
No target in view!
No target in view!
No target in view!
No target in view!
No target in view!
No target in view!
No target in view!
No target in view!
No target in view!
No target in view!
No target in view!
No target in view!
No target in view!
No target in view!
No target in view!
(D) Dungeon
Where to? (? - help)
There is a stone staircase leading down here.
You climb downwards.
Found 8 gold pieces.
Found a stone staircase leading down.
There is a stone staircase leading up here.
You now have 8 gold pieces.
There is a stone staircase leading up here.
A leopard gecko and a giant cockroach come into view.
The leopard gecko hisses angrily.
Found a faded altar of an unknown god.
There are monsters nearby!
A frilled lizard comes into view.
The frilled lizard hisses angrily.
Found 6 gold pieces.
Found an escape hatch in the floor.
You block the giant cockroach's attack. x2
You hit the giant cockroach.
You kill the giant cockroach!
You have reached level 2!
You see here a giant cockroach corpse.
There is a faded altar of an unknown god here.
You cannot tell which god this altar belongs to.
Convert to them anyway?
Okay, then.
You cannot tell which god this altar belongs to.
Convert to them anyway?
Trog accepts your prayer! Trog welcomes you!
You can now go berserk at will.
The leopard gecko bites you.
Are you sure you want to abandon this character and quit the game? (Confirm with "yes".)

* , ,, . ** #. , , , , ,
#.#.# ** * #.#..## ####
...$.. ...# * , , * * **
#....#...# ,, #..#.#..#
*, * # ##.#.@.#,
##########.#...#l#..## *
#........#.>....#....# *
#..>.....####.l......#*
, *
#........####.####......
#................l......
,
#.......<####.####......
, #........# #.# * ###..
#.......## #.# ..


You could see a leopard gecko and a frilled lizard.

Vanquished Creatures
  A giant cockroach (D:2)
  A hobgoblin (D:1)
  3 jackals (D:1)
  2 rats (D:1)
7 creatures vanquished.

Notes
Turn   | Place    | Note
-------+----------+-------------------------------------------
     0 | D:1      | EnegeticOcto the Deep Dwarf Fighter began the quest for the
                  | Orb.
     0 | D:1      | Reached XP level 1. HP: 20/20 MP: 1/1
    76 | D:2      | Found a faded altar of an unknown god.
    80 | D:2      | Reached XP level 2. HP: 25/27 MP: 2/2
    83 | D:2      | Became a worshipper of Trog the Wrathful
    83 | D:2      | Reached * piety under Trog
    84 | D:2      | Quit the game

Illustrated notes

Levels and vault maps discovered:
D:1:      dpeg_arrival_another_circle, layout_basic, chequers_mini_garden
D:2:      layout_loops_cross, marbit_many_paths,
          chequers_ecumenical_altar_simple_redux

Action                   || total
-------------------------++-------
Melee: War axe           ||     8
Armor: Scale mail        ||     5
Dodge: Dodged            ||     3
Block: Kite shield       ||     6

Table legend: (Time is in decaauts)
 A = Elapsed time spent in this place.
 B = Non-inter-level travel time spent in this place.
 C = Inter-level travel time spent in this place.
 D = Time resting spent in this place.
 E = Time spent auto-exploring this place.
 F = Levels seen in this place.
 G = Mean time per level.
                   A        B        C        D        E       F      G
               +--------+--------+--------+--------+--------+-----+--------+
         Total |     87 |     70 |     17 |      0 |     46 |   2 |   43.5 |
       Dungeon |     87 |     70 |     17 |      0 |     46 |   2 |   43.5 |
               +--------+--------+--------+--------+--------+-----+--------+

Top non-repeatable levels by time:
     D:1: 72 daAuts
     D:2: 15 daAuts
